 Dungeon Crawl Stone Soup version 0.22-a0-282-gdd34a7d (console) character file.

70 Duffy the Firebug (level 4, 0/27 HPs)
             Began as an Octopode Fire Elementalist on Mar 17, 2018.
             Killed from afar by an orc wizard (10 damage)
             ... with a puff of flame
             ... on level 2 of the Dungeon.
             The game lasted 00:01:57 (2148 turns).

Duffy the Firebug (Octopode Fire Elementalist)      Turns: 2148, Time: 00:01:57

Health: 0/27       AC:  1    Str:  7    XL:     4   Next: 22%
Magic:  0/8        EV: 13    Int: 18    God:
Gold:   73         SH:  0    Dex: 12    Spells: 0/8 levels left

rFire    . . .     SeeInvis .   (no weapon)
rCold    . . .     Gourm    .   (no shield)
rNeg     . . .     Faith    .   (helmet restricted)
rPois    .         Spirit   .   (no amulet)
rElec    .         Reflect  .   (no ring)
rCorr    .         Harm     .   (no ring)
MR       .....                  (no ring)
Stlth    +++.......             (no ring)
HPRegen  0.09/turn              (no ring)
MPRegen  0.11/turn              (no ring)
                                (no ring)
                                (no ring)

@: no status effects
A: almost no armour, stealthy swim, amphibious, 8 rings, constrict 8, camouflage
1, gelatinous body 1
a: no special abilities


You were on level 2 of the Dungeon.
You were very hungry.

You visited 1 branch of the dungeon, and saw 3 of its levels.

You collected 73 gold pieces.

Inventory:

Jewellery
 e - a +3 ring of intelligence {unknown}
Scrolls
 a - 2 scrolls of fog {unknown}
 c - a scroll of identify {unknown}
 f - a scroll of random uselessness {unknown}
 i - a scroll of remove curse {unknown}
Potions
 d - a potion of mutation {unknown}
 g - a potion of lignification {unknown}
 h - a potion of heal wounds {unknown}
 k - a potion of brilliance {unknown}
Comestibles
 b - 2 rations


   Skills:
 - Level 2.0 Dodging
 - Level 2.6 Stealth
 + Level 2.8 Spellcasting
 + Level 2.3 Conjurations
 + Level 3.7 Fire Magic


You couldn't memorise any spells.
You knew the following spells:

 Your Spells              Type           Power        Failure   Level  Hunger
a - Conjure Flame         Conj/Fire      ##......     14%         3    ###....
h - Flame Tongue          Conj/Fire      ##...        4%          1    None
j - Sticky Flame          Conj/Fire      ##......     43%         4    ####...


Dungeon Overview and Level Annotations

Branches:
Dungeon (3/15)

Altars:


Innate Abilities, Weirdness & Mutations

You cannot wear most types of armour.
You are very stealthy in the water. (Stealth+)
You are amphibious.
You can wear up to eight rings at the same time.
You can use your tentacles to constrict eight enemies at once.
Your skin changes colour to match your surroundings (Stealth+).
Your rubbery body absorbs attacks. (AC +1, EV +1)


Message History

Cast which spell? (? or * to list)
Aiming: Conjure Flame (safe; 14% risk of failure)
Press: ? - help, Dir - move target cursor
Okay, then.
Unknown command.
Cast which spell? (? or * to list)
Aiming: Flame Tongue (safe; 4% risk of failure)
Press: ? - help, Shift-Dir - straight line, f - you The flame tongue hits something.
Something hits you.
Cast which spell? (? or * to list)
Aiming: Flame Tongue (safe; 4% risk of failure)
Press: ? - help, Shift-Dir - straight line, f - you The flame tongue hits something.
Something hits you.
Cast which spell? (? or * to list)
Aiming: Flame Tongue (safe; 4% risk of failure)
Press: ? - help, Shift-Dir - straight line, f - you You hear some strange, mumbled words.
A puff of flame appears from out of thin air!
The puff of flame hits you!
You die...

##### ....# ###.# ### #.# ##.##
#.############ ##.#.##
#.#..........###.###.##
###.#.#........#@.## ##.#
........######..{..###.##########
###(#.### ##......#............
#.#.# #.<......####.###....
#.#.#######.............# #....
#.#...............#####.# ##...
###(#......#..........# #.# ##..
....#....(...#....###.# #.# ##.
#####.<........#.####.###.######.


There were no monsters in sight!

Vanquished Creatures
  A hound skeleton (D:3)
  2 adders (D:2)
  A worm (D:3)
  A dart slug (D:1)
  4 bats
  3 giant cockroaches
  7 goblins
  3 hobgoblins
  2 jackals (D:1)
  A quokka (D:1)
  4 frilled lizards
  2 kobolds
  5 rats
36 creatures vanquished.

Notes
Turn   | Place    | Note
-------+----------+-------------------------------------------
     0 | D:1      | Duffy the Octopode Fire Elementalist began the quest for the Orb.
     0 | D:1      | Reached XP level 1. HP: 11/11 MP: 3/3
     2 | D:1      | Noticed a tengu
     2 | D:1      | Noticed a felid
     4 | D:1      | Noticed a human
     4 | D:1      | Noticed a troll
     6 | D:1      | Noticed an elf
     8 | D:1      | Noticed a halfling
     8 | D:1      | Noticed a minotaur
    10 | D:1      | Noticed a gargoyle
    10 | D:1      | Noticed a formicid
    12 | D:1      | Noticed a naga
    12 | D:1      | Noticed a draconian
    15 | D:1      | Noticed a centaur
    17 | D:1      | Noticed an octopode
    19 | D:1      | Noticed a merfolk
    19 | D:1      | Noticed a vampire
    21 | D:1      | Noticed a ghoul
    21 | D:1      | Noticed an ogre
    23 | D:1      | Noticed a vine stalker
    25 | D:1      | Noticed a spriggan
    25 | D:1      | Noticed a demonspawn
    27 | D:1      | Noticed a dwarf
    27 | D:1      | Noticed a demigod
   200 | D:1      | Reached XP level 2. HP: 17/17 MP: 1/5
  1055 | D:2      | Reached XP level 3. HP: 21/21 MP: 3/6
  1060 | D:2      | Learned a level 3 spell: Conjure Flame
  1876 | D:3      | Reached XP level 4. HP: 27/27 MP: 4/8
  1882 | D:3      | Learned a level 4 spell: Sticky Flame
  2148 | D:2      | Killed from afar by an orc wizard

Vault maps used:
D:1:      kb_arrival_jail
D:3:      tgw_trog, uniq_natasha

Skill      XL: |  1  2  3 |
---------------+----------+-----
Conjurations   | 2 |  2.3
Dodging        | |  2.0
Stealth        | |  2.6
Spellcasting   | |  2.8
Fire Magic     | |  3.7

Action                   |  1- 3 |  4- 6 || total
-------------------------+-------+-------++-------
Melee: Unarmed           |     7 |       ||     7
       Constrict         |     3 |       ||     3
 Cast: Flame Tongue      |    52 |    12 ||    64
  Eat: Chunk             |     3 |       ||     3
Armor: Skin              |     1 |     1 ||     2
Dodge: Dodged            |    18 |     3 ||    21

Table legend:
 A = Spawn XP
 B = Non-spawn XP
 C = Spawn XP percentage of total XP
 D = Spawn monster count
 E = Non-spawn monster count
 F = Spawn count percentage of total count
 G = Total turns spent on level
                    A         B        C        D         E        F      G
               +---------+---------+-------+---------+---------+-------+---------
         Total |       0 |     101 |   0.0 |       0 |      36 |   0.0 |  2148
               +---------+---------+-------+---------+---------+-------+---------
           D:1 |       0 |      24 |   0.0 |       0 |      13 |   0.0 |   908
           D:2 |       0 |      53 |   0.0 |       0 |      20 |   0.0 |  1073
           D:3 |       0 |      24 |   0.0 |       0 |       3 |   0.0 |   167
               +---------+---------+-------+---------+---------+-------+---------
